 Dungeon Crawl Stone Soup version 0.22.1-2-g9c5b331 (webtiles) character file.

67 Leeroy the Slasher (level 3, -1/29 HPs)
             Began as a Draconian Skald on Dec 31, 2018.
             Slain by an orc
             ... wielding a +0 flail
              (3 damage)
             ... on level 2 of the Dungeon.
             The game lasted 00:04:34 (1930 turns).

Leeroy the Slasher (Draconian Skald)                Turns: 1930, Time: 00:04:34

Health: -1/29      AC:  5    Str: 13    XL:     3   Next: 98%
Magic:  6/6        EV: 12    Int: 14    God:
Gold:   26         SH:  0    Dex: 10    Spells: 2/6 levels left

rFire    . . .     SeeInvis .   k - +0 dagger (venom)
rCold    . . .     Gourm    .   (no shield)
rNeg     . . .     Faith    .   (armour unavailable)
rPois    .         Spirit   .   (helmet restricted)
rElec    .         Reflect  .   (no cloak)
rCorr    .         Harm     .   (no gloves)
MR       .....                  (no boots)
Stlth    +.........             (no amulet)
HPRegen  0.09/turn              (no ring)
MPRegen  0.10/turn              (no ring)

@: no status effects
A: unfitting armour, cold-blooded, AC +5
a: no special abilities


You were on level 2 of the Dungeon.
You were very hungry.

You visited 1 branch of the dungeon, and saw 3 of its levels.

You collected 26 gold pieces.

Inventory:

Hand Weapons
 a - a +0 falchion
 k - a +0 dagger of venom (weapon)
 l - a +0 hunting sling
Missiles
 b - 100 stones (quivered)
 g - 19 sling bullets
 h - 36 arrows
 r - a tomahawk
Armour
 d - a +0 buckler
Jewellery
 j - an uncursed amulet of the acrobat {unknown}
Scrolls
 i - a scroll of enchant weapon {unknown}
 o - a scroll of enchant armour {unknown}
 p - a scroll of immolation {unknown}
 q - a scroll of identify {unknown}
Potions
 e - 2 potions of invisibility {unknown}
 f - 2 potions of heal wounds {unknown}
 m - a potion of mutation {unknown}
 n - a potion of curing {unknown}
 s - a potion of flight {unknown}
Comestibles
 c - 6 rations


   Skills:
 - Level 2.1 Fighting
 * Level 4.3 Long Blades
 - Level 2.1 Dodging
 - Level 2.0 Spellcasting
 - Level 2.6 Charms


You had 2 spell levels left.
You knew the following spells:

 Your Spells              Type           Power        Failure   Level  Hunger
a - Infusion              Chrm           #...         8%          1    ##.....
b - Spectral Weapon       Hex/Chrm       #.......     38%         3    ####...

Your spell library contained the following spells:

 Spells                   Type           Power        Failure   Level  Hunger
 Song of Slaying          Chrm           #.......     12%         2    ###....
 Shroud of Golubria       Chrm/Tloc      #.........   21%         2    ###....
 Regeneration             Chrm/Necr      #.........   38%         3    ####...


Dungeon Overview and Level Annotations

Branches:
Dungeon (3/15)

Altars:
Fedhas
Ru

Annotations:
D:2 exclusion: oklob plant


Innate Abilities, Weirdness & Mutations

Your plain brown scales are hard. (AC +5)
You cannot fit into any form of body armour.
You are cold-blooded and may be slowed by cold attacks.


Message History

The orc hits you. The orc hits you with a flail!
* * * LOW HITPOINT WARNING * * *
You climb upwards.
Level annotation: exclusion: oklob plant
There is a stone staircase leading down here.
Unknown command.
You hit the orc but do no damage. The orc hits you but does no damage.
You hit the orc.
The orc is poisoned.
The orc is lightly wounded.
The orc completely misses you. The orc hits you.
* * * LOW HITPOINT WARNING * * *
You barely miss the orc.
The orc is lightly wounded.
The orc barely misses you. The orc hits you.
* * * LOW HITPOINT WARNING * * *
Unknown command.
You hit the orc.
The orc is poisoned.
The orc is heavily wounded.
The orc hits you with a flail.
You die...

..##......##...............#.....
..##.#....########...#...####....
####.#....# #...##### #.###
####.#....# #...# #.# .......#..#
#...# #.# .###.#.#..# #...###
#.### .###......# #.....#
####.... .#.......## #######.#
#....... ..........# #@o.....#
#.#####. ####.####.#
#o#####.###.#####.
##.....##.######.##............#.
#.......#...........##.###.#...#.
#.......#..#####.##....# #.......
...)_.........##.......# #.......
#.....^.#..##.#####.#### #.......
#.......#.###.# #.# ###...##
##.....##..##.# ###.### #...#


You could see 2 orcs.

Vanquished Creatures
  2 adders (D:2)
  A worm (D:2)
  2 orcs
  A ball python (D:2)
  7 bats
  6 goblins
  7 hobgoblins
  2 jackals (D:3)
  4 kobolds
  3 frilled lizards (D:1)
  7 rats
  A fungus (D:2)
  A plant (D:2)
44 creatures vanquished.

Notes
Turn   | Place    | Note
-------+----------+-------------------------------------------
     0 | D:1      | Leeroy the Draconian Skald began the quest for the Orb.
     0 | D:1      | Reached XP level 1. HP: 17/17 MP: 3/3
   142 | D:1      | Reached XP level 2. HP: 20/24 MP: 5/5
   296 | D:1      | Reached skill level 3 in Long Blades
   523 | D:2      | Found a sacrificial altar of Ru.
   530 | D:2      | Reached XP level 3. HP: 26/29 MP: 6/6
   535 | D:2      | Learned a level 3 spell: Spectral Weapon
  1060 | D:2      | Found a blossoming altar of Fedhas.
  1094 | D:2      | Noticed an oklob plant
  1314 | D:2      | Reached skill level 4 in Long Blades
  1930 | D:2      | Slain by an orc

Skill      XL: |  1  2  3 |
---------------+----------+-----
Long Blades    | 3 4 |  4.3
Fighting       | |  2.1
Dodging        | |  2.1
Spellcasting   | |  2.0
Charms         | |  2.6

Action                   || total
-------------------------++-------
Melee: Falchion          ||    77
       Tailslap          ||    28
       Dagger            ||    90
Throw: Stone             ||     4
  Use: Scroll            ||     1
  Eat: Chunk             ||     2
Armor: Skin              ||    50
Dodge: Dodged            ||    87
       Rpst.: Falchion   ||    19
